 Dungeon Crawl Stone Soup version 0.30.0-30-g96aa6591b8 (webtiles) character file.

Game seed: 7062007581854317469

5988 BreadTh the Fighter (level 10, -1/111 HPs)
             Began as an Ogre Hedge Wizard on June 30, 2023.
             Was a Believer of the Shining One.
             Slain by a hornet (4 damage)
             ... on level 9 of the Dungeon.
             The game lasted 00:38:56 (10166 turns).

BreadTh the Fighter (Ogre Hedge Wizard)            Turns: 10166, Time: 00:38:56

Health: -1/111     AC: 10    Str: 16    XL:     10   Next: 85%
Magic:  16/23      EV:  9    Int: 19    God:    the Shining One [**....]
Gold:   400        SH:  0    Dex:  8    Spells: 17/28 levels left

rFire   . . .        P - +6 shillelagh "Devastator" {shatter}
rCold   . . .        (no shield)
rNeg    + . .        G - +2 robe {Archmagi}
rPois   .            c - +0 hat
rElec   +            A - +0 cloak {Will+}
rCorr   +            (gloves unavailable)
SInv    .            (boots unavailable)
Will    ++...        N - amulet of faith
Stlth   +            m - +4 ring of protection
HPRegen 0.38/turn    q - ring of Noezu {+Blink rElec rCorr}
MPRegen 0.18/turn

%: faith, archmagi
@: lethally poisoned (-1 -> -8), hasted and slowed, glowing
A: large, unfitting armour, tough skin 1
a: Renounce Religion, Evoke Blink, Divine Shield


You were on level 9 of the Dungeon.
You worshipped the Shining One.
The Shining One was pleased with you.
You visited 2 branches of the dungeon, and saw 10 of its levels.

You collected 550 gold pieces.
You spent 150 gold pieces at shops.

Inventory:

Hand Weapons
 t - a +0 flail of holy wrath
 H - a +3 flail of venom
 I - a +5 dagger of venom
 P - the +6 shillelagh "Devastator" (weapon) {shatter}
   (You found it on level 6 of the Dungeon)
Missiles
 x - 3 boomerangs of dispersal
 J - a throwing net
 M - 3 datura-tipped darts
Armour
 c - a +0 hat (worn)
 A - a +0 cloak of willpower (worn)
 G - a +2 robe of the Archmagi (worn)
 K - a +0 robe of willpower
 R - a +0 tower shield
Magical Staves
 Q - a staff of cold
Jewellery
 m - a +4 ring of protection (left hand)
 q - the ring of Noezu (right hand) {+Blink rElec rCorr}
   (You found it on level 2 of the Dungeon)

   [ring of resist corrosion]

   rElec:     It insulates you from electricity.
   +Blink:    It lets you blink.
   rCorr:     It protects you from acid and corrosion.
 B - a +6 ring of dexterity
 N - an amulet of faith (around neck)
Wands
 C - a wand of quicksilver (25)
 D - a wand of flame (9)
 O - a wand of digging (6)
Scrolls
 a - 4 scrolls of enchant armour {unknown}
 g - 3 scrolls of enchant weapon {unknown}
 l - 3 scrolls of fog {unknown}
 n - 5 scrolls of identify {unknown}
 p - a scroll of noise {unknown}
 r - 2 scrolls of magic mapping {unknown}
 v - 2 scrolls of blinking {unknown}
 w - 3 scrolls of immolation {unknown}
 y - 2 scrolls of vulnerability {unknown}
 z - a scroll of torment {unknown}
 F - 3 scrolls of teleportation {unknown}
 L - a scroll of brand weapon {unknown}
Potions
 b - a potion of berserk rage {unknown}
 d - 2 potions of magic
 e - 2 potions of haste
 f - a potion of degeneration {unknown}
 h - a potion of curing
 i - 2 potions of lignification {unknown}
 j - 4 potions of invisibility
 k - a potion of attraction {unknown}
 s - 2 potions of resistance
 u - 2 potions of might {unknown}
 E - a potion of mutation {unknown}
 S - a potion of flight {unknown}


   Skills:
 + Level 10.8 Fighting
 + Level 4.7 Maces & Flails
 - Level 1.7 Dodging
 - Level 1.4 Stealth
 + Level 9.8 Spellcasting
 - Level 5.2 Conjurations
 - Level 5.0 Summonings
 - Level 3.0 Translocations
 - Level 2.0 Air Magic
 - Level 2.0 Poison Magic


You had 17 spell levels left.
You knew the following spells:

 Your Spells              Type           Power      Damage    Failure   Level
a - Magic Dart            Conj           100%       1d8       1%          1
b - Call Imp              Summ           84%        N/A       1%          2
c - Mephitic Cloud        Conj/Pois/Air  31%        N/A       6%          3
d - Blink                 Tloc           62%        N/A       3%          2
e - Call Canine Familiar  Summ           42%        N/A       2%          3

Your spell library contained the following spells:

 Spells                   Type           Power      Damage    Failure   Level
 Foxfire                  Conj/Fire      100%       2x1d9     2%          1
 Cigotuvi's Dreadful Rot  Necr/Pois/Air  42%        N/A       7%          2
 Gell's Gravitas          Tloc           31%        N/A       7%          3
 Teleport Other           Tloc           31%        N/A       7%          3
 Slow                     Hex            56%        N/A       8%          1
 Portal Projectile        Hex/Tloc       44%        N/A       12%         3
 Fireball                 Conj/Fire      14%        3d8       56%         5
 Dispel Undead            Necr           14%        3d10      58%         4
 Leda's Liquefaction      Hex/Erth       7%         N/A       58%         4
 Dispersal                Tloc           15%        N/A       98%         6
 Starburst                Conj/Fire      14%        6d6       98%         6
 Death Channel            Necr           7%         N/A       100%        6
 Plasma Beam              Fire/Air       9%         2x1d22    100%        6


Dungeon Overview and Level Annotations

Branches:
Dungeon (9/15)             Temple (1/1) D:6            Lair (0/5) D:9
    Orc: D:9-12

Altars:
Dithmenos
Elyvilon
Fedhas
Hepliaklqana
Kikubaaqudgha
Makhleb
Nemelex Xobeh
Okawaru
Qazlal
Ru
Sif Muna
Trog
Uskayaw
Vehumet
Wu Jian
Xom
Yredelemnul
The Shining One

Shops:
D:3 [   D:7 (


Innate Abilities, Weirdness & Mutations

You are too large for most types of armour.
You have tough skin. (AC +1)


Message History

The hornet is engulfed in noxious fumes.
The hornet appears confused.
The hornet is engulfed in noxious fumes.
The hornet appears confused.
It was a potion of curing.
You feel better.
You feel stable enough to blink again.
Your hound is engulfed in noxious fumes.
Your hound appears confused.
Your hound barely misses the hornet.
The hornet is engulfed in noxious fumes.
The hornet appears confused.
Your hound is engulfed in noxious fumes.
Your hound appears confused.
Casting: Mephitic Cloud (mildly dangerous; 6% risk of failure)
Confirm with . or Enter, or press ? or * to list all spells.
Aiming: Magic Dart (safe; 1% risk of failure)
Press: ? - help, Shift-Dir - straight line, f/p - hornet
Aim: a hornet (noxious fumes, moderately wounded, confused, haloed, 100% to hit)
You feel a surge of power!
The magic dart hits the hornet.
The hornet is moderately wounded.
The hornet is engulfed in noxious fumes.
You hit the hornet but do no damage.
The hornet is moderately wounded.
The hornet stings you but does no damage.
You hit the hornet.
The hornet shudders.
The hornet is heavily wounded.
You sock the hornet!
The hornet shudders.
The hornet is severely wounded. x2
You hit the hornet but do no damage.
The hornet is severely wounded.
The hornet stings you!
* * * LOW HITPOINT WARNING * * *
You are lethally poisoned!
You feel as though you will be slow longer.
You completely miss the hornet.
The hornet is severely wounded.
* * * LOW HITPOINT WARNING * * *
You feel very sick. The hornet stings you.
You die...

##.# ##########
##.#
.........#######..#
.................##
#####......##..## #
##.######### ###
####..## ##..
###.y....# #..#
#....@...## #..#
##..####...# #>..
#h.## ##..# ####
#h.# ##.## ##.#
#..# ##.
##..######## #.
#..#.......## ..
####...###..# # ##
##.####..###


You could see a hornet (confused, ally target) and a friendly hound (summoned,
confused).

Vanquished Creatures
  Prince Ribbit (D:6)
  2 wyverns (D:9)
  Eustachio (D:4)
  3 steam dragons (D:8)
  2 water moccasins
  Duvessa (D:6)
  An orc warrior (D:8)
  A sky beast (D:8)
  A black bear (D:8)
  An ice beast (D:8)
  An ogre (D:4)
  5 centaurs
  2 bullfrogs
  3 kobold brigands
  A gnoll sergeant (D:5)
  5 scorpions
  22 wights
  Dowan (D:6)
  An electric eel (D:6)
  4 killer bees
  5 howler monkeys
  3 sleepcaps
  5 hounds
  3 jellies
  A gnoll bouda (D:7)
  4 orc priests
  4 iguanas
  5 orc wizards
  10 gnolls
  6 adders
  2 white imps (D:5)
  An ufetubus (D:5)
  A worm (D:1)
  3 dart slugs
  26 orcs
  2 endoplasms
  4 goblins
  3 hobgoblins
  10 jackals
  3 quokkas
  9 ball pythons
  3 bats (D:2)
  5 frilled lizards
  18 kobolds
  3 rats
198 creatures vanquished.

Vanquished Creatures (collateral kills)
  Sigmund (D:5)
  Edmund (D:5)
  Blork the orc (D:5)
  2 killer bees
  A howler monkey (D:6)
  A hound (D:5)
  An orc wizard (D:6)
  A gnoll (D:4)
  4 orcs (D:6)
13 creatures vanquished.

Vanquished Creatures (others)
  A killer bee (D:4)
1 creature vanquished.

Grand Total: 212 creatures vanquished

Notes
Turn   | Place    | Note
-------+----------+-------------------------------------------
     0 | D:1      | BreadTh the Ogre Hedge Wizard began the quest for the Orb.
     0 | D:1      | Reached XP level 1. HP: 16/16 MP: 5/5
    54 | D:1      | Reached skill level 1 in Conjurations
    72 | D:1      | Reached skill level 1 in Translocations
    75 | D:1      | Reached skill level 1 in Summonings
   214 | D:1      | Reached XP level 2. HP: 26/26 MP: 1/6
   610 | D:1      | Reached skill level 1 in Fighting
  1001 | D:1      | Learned a level 2 spell: Call Imp
  1107 | D:2      | Identified the ring of Noezu {+Blink rElec rCorr}
  1125 | D:2      | Reached XP level 3. HP: 25/33 MP: 8/8
  1538 | D:2      | Reached skill level 2 in Fighting
  1682 | D:2      | Reached XP level 4. HP: 42/42 MP: 6/10
  1869 | D:3      | Learned a level 3 spell: Mephitic Cloud
  1872 | D:3      | Learned a level 2 spell: Blink
  1895 | D:3      | Found a stormy altar of Qazlal.
  1988 | D:3      | Reached XP level 5. HP: 31/50 MP: 5/11
  2084 | D:3      | Found a blossoming altar of Fedhas.
  2135 | D:3      | Found Bulorin's Antique Armour Emporium.
  2143 | D:3      | Bought a glowing cloak for 150 gold pieces
  2189 | D:3      | Reached skill level 3 in Fighting
  2648 | D:4      | Noticed an ogre
  2740 | D:4      | Killed an ogre
  2741 | D:4      | Reached skill level 5 in Spellcasting
  2741 | D:4      | Reached XP level 6. HP: 62/62 MP: 1/13
  2881 | D:4      | Reached skill level 4 in Fighting
  3292 | D:4      | Found a white marble altar of Elyvilon.
  3370 | D:4      | Reached XP level 7. HP: 70/70 MP: 7/14
  3936 | D:4      | Noticed Eustachio
  3961 | D:4      | Killed Eustachio
  3962 | D:4      | Reached skill level 5 in Fighting
  3962 | D:4      | Reached skill level 5 in Conjurations
  4116 | D:5      | Entered Level 5 of the Dungeon
  4385 | D:5      | Reached XP level 8. HP: 54/83 MP: 3/17
  4401 | D:5      | Noticed Blork the orc
  4525 | D:5      | Killed Blork the orc
  4526 | D:5      | Reached skill level 6 in Fighting
  4608 | D:5      | Noticed Edmund
  4625 | D:5      | Killed Edmund
  5074 | D:5      | Noticed Sigmund
  5211 | D:5      | Killed Sigmund
  5313 | D:5      | Reached skill level 7 in Fighting
  5334 | D:5      | Learned a level 3 spell: Call Canine Familiar
  5365 | D:5      | Identified the +5 spear of Honesty {drain, rF++ rCorr
                  | Int+3}
  5547 | D:5      | Found a sparkling altar of Nemelex Xobeh.
  5866 | D:6      | Reached XP level 9. HP: 93/93 MP: 13/19
  5866 | D:6      | Noticed Prince Ribbit
  5886 | D:6      | Killed Prince Ribbit
  5887 | D:6      | Reached skill level 5 in Summonings
  6384 | D:6      | Noticed Duvessa
  6384 | D:6      | Noticed Dowan
  6397 | D:6      | Killed Duvessa
  6398 | D:6      | Reached skill level 8 in Fighting
  6398 | D:6      | Reached skill level 1 in Air Magic
  6398 | D:6      | Reached skill level 1 in Poison Magic
  6398 | D:6      | Killed Dowan
  6431 | D:6      | Found a basalt altar of Yredelemnul.
  6706 | D:6      | Found the +6 shillelagh "Devastator" {shatter}
  6712 | D:6      | Found a staircase to the Ecumenical Temple.
  6731 | Temple   | Entered the Ecumenical Temple
  6731 | Temple   | Found a transporter.
  6731 | Temple   | Found a transporter.
  6733 | Temple   | Found a transporter.
  6733 | Temple   | Found a transporter.
  6995 | D:7      | Reached skill level 1 in Maces & Flails
  7369 | D:7      | Reached XP level 10. HP: 102/104 MP: 22/22
  7376 | D:7      | Reached skill level 9 in Fighting
  8121 | D:7      | Found a glowing golden altar of the Shining One.
  8132 | D:7      | Became a worshipper of the Shining One
  8188 | D:7      | Found Eseosk's Weapon Emporium.
  8715 | D:8      | Reached * piety under the Shining One
  8733 | D:8      | Reached skill level 10 in Fighting
  8962 | D:8      | Found a hazy altar of Hepliaklqana.
  9460 | D:9      | Found a staircase to the Lair.
  9609 | D:9      | Reached ** piety under the Shining One
 10149 | D:9      | Paralysed by a hornet for 2 turns
 10166 | D:9      | HP: 3/111 [poisoned by a hornet]
 10166 | D:9      | Slain by a hornet

Illustrated notes

Levels and vault maps discovered:
D:1:      psy_arrival_conway, layout_loops_ring, wad_floor_pattern_1
D:2:      layout_rooms
D:3:      layout_rooms, mainiacjoe_overflow_paths, lemuel_round_altar,
          serial_shops, shop, cheibrodos_gnoll_hut
D:4:      layout_cave_pods, nicolae_overflow_crystal_walls, uniq_eustachio
D:5:      layout_basic, mainiacjoe_overflow_brackets, minmay_diced_spiral,
          uniq_sigmund, uniq_blork_the_orc, uniq_edmund
D:6:      layout_gridville, mainiacjoe_overflow_concentric_impassable,
          minmay_temple_entry_offerings, minivault_14, uniq_prince_ribbit1,
          uniq_duvessa
D:7:      layout_loops_corners, nicolae_tso_swordbearing_angel, serial_shops,
          nicolae_shop_tiny_real_fake_doors
D:8:      layout_rooms, mainiacjoe_overflow_tiny_flanked
D:9:      layout_layer_cave, minitemple, lair_entry_dummy
Temple:   hellmonk_temple_divided_pantheon

Skill      XL: |  1  2  3  4  5  6  7  8  9 10 |
---------------+-------------------------------+-----
Conjurations   | 1 2 3 4 5 |  5.2
Translocations | 1 3 |  3.0
Summonings     | 1 4 5 |  5.0
Fighting       | 1 2 3 4 5 7 8 10 | 10.8
Spellcasting   | 4 5 6 7 8 9 |  9.8
Air Magic      | 2 |  2.0
Poison Magic   | 2 |  2.0
Maces & Flails | 2 4 |  4.7
Dodging        | |  1.7
Stealth        | |  1.4

Action                     |  1- 3 |  4- 6 |  7- 9 | 10-12 || total
---------------------------+-------+-------+-------+-------++-------
  Melee: Mace              |    47 |       |       |       ||    47
         Flail             |       |    48 |    54 |       ||   102
         Giant club        |       |    11 |    38 |       ||    49
         Shillelagh        |       |       |    31 |   130 ||   161
         Punch             |       |       |     1 |     1 ||     2
   Cast: Magic Dart        |    65 |    68 |   153 |     2 ||   288
         Call Imp          |     1 |     6 |    14 |       ||    21
         Mephitic Cloud    |       |     5 |    11 |     1 ||    17
         Call Canine Famil |       |       |     4 |     2 ||     6
         Blink             |       |       |       |     1 ||     1
    Use: Potion            |       |       |       |     3 ||     3
   Stab: Confused          |       |     1 |     3 |       ||     4
         Sleeping          |       |       |       |     1 ||     1
 Armour: Robe              |    54 |    52 |    74 |    53 ||   233
  Dodge: Dodged            |    53 |    65 |    69 |    57 ||   244
